 Dungeon Crawl Stone Soup version 0.31-a0-167-g1c394c0614 (webtiles) character file.

Game seed: 11566501853158799240

2113 Moral the Ducker (level 9, -2/72 HPs)
             Began as a Merfolk Fighter on June 15, 2023.
             Was an Initiate of Ashenzari.
             Slain by a killer bee (3 damage)
             ... on level 8 of the Dungeon.
             The game lasted 00:27:55 (8130 turns).

Moral the Ducker (Merfolk Fighter)                  Turns: 8130, Time: 00:27:57

Health: -2/72      AC: 10    Str: 27    XL:     9   Next: 29%
Magic:  9/9        EV: 14    Int:  6    God:    Ashenzari [......]
Gold:   289        SH:  5    Dex: 16    Spells: 8/8 levels left

rFire   + . .        a - +0 long sword
rCold   . . .        c - +0 buckler
rNeg    . . .        b - +0 scale mail
rPois   .            h - +2 hat {Will+}
rElec   .            n - +0 cloak
rCorr   .            (no gloves)
SInv    .            (no boots)
Will    +....        (no amulet) Stlth
                     m - ring of protection from fire
HPRegen 0.32/turn    k - +6 ring of strength
MPRegen 0.11/turn

%: no passive effects
@: lethally poisoned (-2 -> -3)
A: (nimble swimmer 2), mertail, strong 1
a: Renounce Religion


You were on level 8 of the Dungeon.
You worshipped Ashenzari.
Ashenzari was noncommittal.
You visited 2 branches of the dungeon, and saw 9 of its levels.

You collected 289 gold pieces.

Inventory:

Hand Weapons
 a - a +0 long sword (weapon)
Armour
 b - a +0 scale mail (worn)
 c - a +0 buckler (worn)
 h - a +2 hat of willpower (worn)
 n - a +0 cloak (worn)
Jewellery
 i - a ring of protection from cold
 k - a +6 ring of strength (right hand)
 m - a ring of protection from fire (left hand)
Wands
 j - a wand of quicksilver (6)
 l - a wand of flame (10)
 o - a wand of iceblast (10)
Scrolls
 d - 2 scrolls of enchant armour
 f - a scroll of immolation
 g - 2 scrolls of identify


   Skills:
 * Level 7.4 Fighting
 * Level 7.6 Long Blades
 + Level 3.9 Armour
 * Level 7.6 Dodging
 + Level 5.0 Shields


You had 8 spell levels left.
You didn't know any spells.
Your spell library contained the following spells:

 Spells                   Type           Power      Damage    Failure   Level
 Beastly Appendage        Tmut           0%         N/A       77%         1
 Blink                    Tloc           0%         N/A       88%         2
 Lesser Beckoning         Tloc           0%         N/A       88%         2
 Momentum Strike          Conj/Tloc      0%         3d8       88%         2
 Wereblood                Tmut           0%         N/A       88%         2
 Spider Form              Tmut/Pois      0%         N/A       98%         3


Dungeon Overview and Level Annotations

Branches:
Dungeon (8/15)             Temple (1/1) D:7
   Lair: D:8-11

Altars:
Ashenzari
Cheibriados
Elyvilon
Fedhas
Gozag
Hepliaklqana
Makhleb
Nemelex Xobeh
Okawaru
Qazlal
Ru
Sif Muna
Trog
Uskayaw
Vehumet
Wu Jian
Xom
Yredelemnul
Zin
The Shining One

Shops:
D:4 *   D:6 *

Annotations:
D:4 Edmund


Innate Abilities, Weirdness & Mutations

((You are very nimble when in or above water. (Stealth+, EV+, Speed+++)))
Your lower body shifts to a powerful aquatic tail in water.
Your muscles are strong. (Str +4, Int/Dex -1)


Message History

The killer bee stings you but does no damage.
The killer bee completely misses you.
Okay, then.
You aren't carrying any potions.
Aiming: Quicksilver Bolt
Press: ? - help, Shift-Dir - straight line, f - killer bee
Aim: a killer bee (43% to hit)
The bolt of dispelling energy misses the killer bee.
The killer bee misses you. x2; The killer bee stings you.
* * * LOW HITPOINT WARNING * * *
The killer bee stings you but does no damage.
You completely miss the killer bee. The killer bee stings you.
* * * LOW HITPOINT WARNING * * *
You are poisoned.
The killer bee poisons you! The killer bee closely misses you.
You block the killer bee's attack.
The killer bee stings you but does no damage.
You feel sick. The killer bee stings you!
* * * LOW HITPOINT WARNING * * *
You block the killer bee's attack.
* * * LOW HITPOINT WARNING * * *
You feel sick.
The killer bee buzzes angrily.
Found a puce potion.
You feel sick. The killer bee closely misses you.
You feel sick. The killer bee barely misses you. x2
The killer bee attacks as you move away!
The killer bee stings you.
* * * LOW HITPOINT WARNING * * *
x2 You feel sick.
You block the killer bee's attack.
The killer bee attacks as you move away!
You block the killer bee's attack.
* * * LOW HITPOINT WARNING * * *
You feel sick.
An orc comes into view. It is wielding a +0 club.
* * * LOW HITPOINT WARNING * * *
You feel sick.
The orc shouts!
You hear a shout!
An orc comes into view. It is wielding a +0 flail.
The killer bee stings you.
You die...

.........###.##
#...$.........####
#..y.#...........#####
.....#.######o.(......
#....#.#..y......####
#.....?........#.#######
#.##.#.#........y.......
#. #####...#y######
#......#@# #.##.#.#.# #
#.#.#.# #!#.#.# #.#.#.#
#.#.# #o# o.#


You could see 2 killer bees and 3 orcs.

Vanquished Creatures
  The ghost of Moral the Trooper, an amateur HOFi (D:3)
  A steam dragon (D:6)
  2 water moccasins (D:6)
  A black bear (D:5)
  3 ogres
  4 centaurs
  4 scorpions
  3 bullfrogs
  A killer bee (D:8)
  3 orc priests
  3 jellies
  A hound (D:6)
  2 sleepcaps
  An iguana (D:6)
  Natasha (thrice) (D:2)
  An orc wizard (D:6)
  4 gnolls (D:4)
  A river rat (D:3)
  7 adders
  A shadow imp (D:6)
  2 white imps (D:7)
  3 worms (D:3)
  A dart slug (D:2)
  11 orcs
  7 ball pythons
  8 bats
  4 endoplasms
  3 giant cockroaches
  7 goblins
  6 hobgoblins
  3 jackals (D:1)
  4 kobolds
  A frilled lizard (D:1)
  7 rats
114 creatures vanquished.

Notes
Turn   | Place    | Note
-------+----------+-------------------------------------------
     0 | D:1      | Moral the Merfolk Fighter began the quest for the Orb.
     0 | D:1      | Reached XP level 1. HP: 18/18 MP: 1/1
    82 | D:1      | Reached XP level 2. HP: 24/24 MP: 2/2
    98 | D:1      | Reached skill level 1 in Dodging
   315 | D:1      | Found a faded altar of an unknown god.
   345 | D:1      | You fall into a shaft and drop 1 floor!
   525 | D:2      | Reached XP level 3. HP: 30/30 MP: 3/3
   739 | D:2      | Noticed Natasha
   747 | D:2      | Killed Natasha
   748 | D:2      | Reached XP level 4. HP: 30/37 MP: 4/4
   856 | D:2      | Noticed Natasha
   862 | D:2      | Killed Natasha
  1064 | D:2      | Noticed Natasha
  1070 | D:2      | Killed Natasha
  1541 | D:3      | Reached XP level 5. HP: 42/42 MP: 5/5
  1984 | D:3      | Found a runed translucent door.
  1987 | D:3      | Noticed Moral's ghost (amateur HOFi)
  2345 | D:3      | Killed Moral's ghost
  2346 | D:3      | Reached XP level 6. HP: 29/50 MP: 6/6
  2542 | D:3      | Gained mutation: You are partially covered in iridescent
                  | scales. (AC +2) [potion of mutation]
  2543 | D:3      | Lost mutation: You are partially covered in iridescent
                  | scales. (AC +2) [potion of mutation]
  2543 | D:3      | Gained mutation: You are dopey. (Int -2) [potion of
                  | mutation]
  2543 | D:3      | Lost mutation: You are dopey. (Int -2) [potion of mutation]
  2543 | D:3      | Gained mutation: Your muscles are strong. (Str +4, Int/Dex
                  | -1) [potion of mutation]
  2622 | D:4      | Reached skill level 5 in Fighting
  2622 | D:4      | Reached XP level 7. HP: 14/56 MP: 7/7
  3018 | D:5      | Entered Level 5 of the Dungeon
  3029 | D:5      | Reached skill level 5 in Long Blades
  3548 | D:4      | Found Zyick's General Store.
  3553 | D:4      | Noticed Edmund
  3598 | D:5      | Reached skill level 5 in Dodging
  4491 | D:6      | Reached XP level 8. HP: 46/64 MP: 8/8
  5016 | D:6      | Found Diguf's Assorted Antiques.
  6828 | D:6      | Reached XP level 9. HP: 38/72 MP: 9/9
  7388 | D:7      | Found a snail-covered altar of Cheibriados.
  7388 | D:7      | Found an opulent altar of Gozag.
  7419 | D:7      | Found a staircase to the Ecumenical Temple.
  7452 | Temple   | Entered the Ecumenical Temple
  7756 | Temple   | Became a worshipper of Ashenzari the Shackled
  7928 | D:7      | Reached skill level 5 in Shields
  8128 | D:8      | HP: 3/72 [killer bee (2)]
  8130 | D:8      | HP: 1/72 [poisoned by a killer bee]
  8130 | D:8      | Slain by a killer bee

Illustrated notes

Levels and vault maps discovered:
D:1:      tarquinn_simple_flora_water_e, layout_basic,
          dreamdust_ecumenical_altar_statues, dreamdust_princess_bridge
D:2:      layout_basic, uniq_natasha
D:3:      layout_basic, hellmonk_ghost_happy_afterlife, gup_sewer_entry_spiral,
          minmay_misc_feat_chi, item_on_display_a
D:4:      layout_rooms, serial_shops, shop, nicolae_shop_i_like_small_books_too,
          uniq_edmund
D:5:      layout_loops_ring
D:6:      layout_cave_pools, serial_shops, shop, minmay_misc_feat_x
D:7:      layout_rooms, gammafunk_temple_overflow_statue,
          gammafunk_temple_overflow_elements, minmay_temple_entry_trees,
          serial_shops, nicolae_lakefront_shop, shop, minivault_5, centaur_isle
D:8:      layout_basic, gammafunk_ghost_berserking_beasts,
          kennysheep_just_a_vault
Temple:   nicolae_temple_no_exploring_needed

Skill      XL: |  1  2  3  4  5  6  7  8  9 |
---------------+----------------------------+-----
Dodging        | 1 2 4 5 7 |  7.6
Long Blades    | 3 4 5 7 |  7.6
Fighting       | 4 5 7 |  7.4
Armour         | 3 |  3.9
Shields        | 4 5 |  5.0

Action                     |  1- 3 |  4- 6 |  7- 9 || total
---------------------------+-------+-------+-------++-------
  Melee: Long sword        |   103 |   112 |   303 ||   518
         Tailslap          |       |     4 |       ||     4
  Evoke: Wand              |       |       |     1 ||     1
    Use: Scroll            |       |     9 |     7 ||    16
         Potion            |       |     3 |     8 ||    11
 Armour: Scale mail        |    98 |    35 |   152 ||   285
  Dodge: Dodged            |    96 |    43 |   257 ||   396
  Block: Buckler           |    48 |    15 |   118 ||   181

Table legend: (Time is in decaauts)
 A = Elapsed time spent in this place.
 B = Non-inter-level travel time spent in this place.
 C = Inter-level travel time spent in this place.
 D = Time resting spent in this place.
 E = Time spent auto-exploring this place.
 F = Levels seen in this place.
 G = Mean time per level.
                   A        B        C        D        E       F      G
               +--------+--------+--------+--------+--------+-----+--------+
         Total |   8193 |   7970 |    223 |   3093 |   2657 |   9 |  910.3 |
       Dungeon |   7881 |   7658 |    223 |   2893 |   2657 |   8 |  985.1 |
        Temple |    311 |    311 |      0 |    200 |      0 |   1 |  311.0 |
               +--------+--------+--------+--------+--------+-----+--------+

Top non-repeatable levels by time:
     D:6: 2360 daAuts
     D:5: 1731 daAuts
     D:3: 1406 daAuts
     D:2: 1206 daAuts
     D:7: 404 daAuts
     D:1: 365 daAuts
  Temple: 311 daAuts
     D:4: 207 daAuts
     D:8: 199 daAuts
